 Dungeon Crawl Stone Soup version 0.28-a0-563-gf77a47075d (webtiles) character file.

Game seed: 6341364945872049635

57 bande the Skirmisher (level 4, 0/43 HPs)
             Began as a Gargoyle Fighter on Sept 30, 2021.
             Slain by Terence (4 damage)
             ... on level 2 of the Dungeon.
             The game lasted 00:01:56 (1350 turns).

bande the Skirmisher (Gargoyle Fighter)             Turns: 1350, Time: 00:01:56

Health: 0/43       AC: 22    Str: 20    XL:     4   Next: 0%
Magic:  4/4        EV:  2    Int:  9    God:
Gold:   47         SH:  4    Dex:  9    Spells: 3/3 levels left

rFire   . . .      SeeInvis .   a - +0 war axe
rCold   . . .      Faith    .   c - +0 buckler
rNeg    + + +      Spirit   .   (armour currently unavailable)
rPois   ∞          Reflect  .   (helmet currently unavailable)
rElec   .          Harm     .   (cloak currently unavailable)
rCorr   .          Rampage  .   (gloves currently unavailable)
Will    .....      NoTele   +   (boots currently unavailable)
Stlth   +.........              (no amulet)
HPRegen 0.14/turn               (no ring)
MPRegen 0.09/turn               (no ring)

@: tree-form
A: stationary, stasis, torment immunity, boosted hp, sickness immunity, AC +3,
negative energy resistance 1, (electricity resistance), torment resistance 1,
petrification resistance
a: no special abilities


You were on level 2 of the Dungeon.
You were a tree.
You visited 1 branch of the dungeon, and saw 2 of its levels.

You collected 47 gold pieces.

Inventory:

Hand Weapons
 a - a +0 war axe (weapon)
Armour
 b - a +0 scale mail (melded)
 c - a +0 buckler (worn)
 j - a +0 helmet (melded)
Potions
 d - a potion of might
 f - a potion of curing {unknown}
 g - a potion of heal wounds {unknown}
 h - a potion of haste {unknown}
 i - a potion of mutation {unknown}


   Skills:
 + Level 3.8 Fighting
 + Level 2.8 Axes
 + Level 3.7 Armour
 + Level 3.5 Shields


You had 3 spell levels left.
You didn't know any spells.
Your spell library was empty.

Dungeon Overview and Level Annotations

Branches:
Dungeon (2/15)

Altars:

Annotations:
D:2 Terence


Innate Abilities, Weirdness & Mutations

You are a tree.
Your roots penetrate the ground, keeping you stationary.
You cannot be teleported.
You are immune to unholy pain and torment.
Your maximum health is greatly increased.
Your equipment is partially melded.
You are immune to sickness and miasma.
((Your stone body is resilient. (AC +3)))
You are immune to poison.
You resist negative energy. (rN+)
((You are resistant to electric shocks. (rElec)))
You are resistant to unholy torment.
You are immune to petrification.


Message History

You slash the goblin!
You kill the goblin!
You have reached level 4!
You feel clever.
Things that are here:
a +0 club; a goblin corpse
There is a stone staircase leading down, spattered with blood here.
You see here a hobgoblin corpse.
You see here 8 arrows.
Terence the Incautious comes into view.
He is wielding a +2 mace of protection, wearing a +2 scale mail of fire resistance and carrying a wand of digging (8).
Terence shouts!
Terence zaps a wand.
Some rock shatters into small pieces.
You hit Terence but do no damage. You block Terence's attack.
Terence hits you with a +2 mace of protection.
You barely miss Terence. Terence hits you but does no damage.
You hit Terence but do no damage.
Terence hits you with a +2 mace of protection.
You barely miss Terence.
Terence hits you with a +2 mace of protection.
You block Terence's attack.
You barely miss Terence. You block Terence's attack.
You barely miss Terence.
Terence hits you with a +2 mace of protection. x2
You are too injured to fight recklessly!
You are too injured to fight recklessly!
You are too injured to fight recklessly!
You are too injured to fight recklessly!
You are too injured to fight recklessly!
You are too injured to fight recklessly!
You are too injured to fight recklessly!
You hit Terence.
Terence is lightly wounded.
Terence hits you with a +2 mace of protection!
* * * LOW HITPOINT WARNING * * *
It was a potion of lignification.
You turn into a tree.
Your +0 helmet melds into your body.
Your +0 scale mail melds into your body.
Your roots penetrate the ground.
Terence hits you with a +2 mace of protection.
You die...

*,* *****## #.* #.
#.* #. #.* #. #.*
#. #.* ##### #. #.*
#...########. #@##
#............
#.♣####...#########
#....###.##
####.###.##########
#..............>
###..#########.#
#.# #.# #..#
*#####.# #.##
*....... #.#
*.####.#


You could see Terence.

Vanquished Creatures
  An adder (D:2)
  2 ball pythons (D:1)
  5 endoplasms
  5 giant cockroaches
  4 goblins
  6 hobgoblins
  2 quokkas
  3 bats
  3 frilled lizards
  7 kobolds
  4 rats (D:1)
42 creatures vanquished.

Notes
Turn   | Place    | Note
-------+----------+-------------------------------------------
     0 | D:1      | bande the Gargoyle Fighter began the quest for the Orb.
     0 | D:1      | Reached XP level 1. HP: 14/14 MP: 1/1
   188 | D:1      | Reached XP level 2. HP: 19/19 MP: 2/2
   726 | D:1      | Reached XP level 3. HP: 24/24 MP: 3/3
  1273 | D:2      | Reached XP level 4. HP: 29/29 MP: 4/4
  1341 | D:2      | Noticed Terence
  1350 | D:2      | Slain by Terence

Illustrated notes

Levels and vault maps discovered:
D:1:      dpeg_arrival_rhombi, layout_basic, nrook_mini_backslash
D:2:      layout_loops_ring, uniq_terence

Skill      XL: |  1  2 |
---------------+-------+-----
Axes           | 2 |  2.8
Fighting       | |  3.8
Armour         | |  3.7
Shields        | |  3.5

Action                   |  1- 3 |  4- 6 || total
-------------------------+-------+-------++-------
Melee: War axe           |   105 |     7 ||   112
  Use: Scroll            |     2 |       ||     2
       Potion            |       |     1 ||     1
Armor: Scale mail        |    60 |     1 ||    61
Dodge: Dodged            |    41 |       ||    41
Block: Buckler           |    17 |     3 ||    20

Table legend: (Time is in decaauts)
 A = Elapsed time spent in this place.
 B = Non-inter-level travel time spent in this place.
 C = Inter-level travel time spent in this place.
 D = Time resting spent in this place.
 E = Time spent auto-exploring this place.
 F = Levels seen in this place.
 G = Mean time per level.
                   A        B        C        D        E       F      G
               +--------+--------+--------+--------+--------+-----+--------+
         Total |   1394 |   1394 |      0 |      0 |   1087 |   2 |  697.0 |
       Dungeon |   1394 |   1394 |      0 |      0 |   1087 |   2 |  697.0 |
               +--------+--------+--------+--------+--------+-----+--------+

Top non-repeatable levels by time:
     D:1: 1132 daAuts
     D:2: 262 daAuts
